 Dungeon Crawl Stone Soup version 0.16.1-51-g6203257 (webtiles) character file.

41832 Jb9000 the Covert (level 14, -6/86 HPs)
             Began as a Gargoyle Fighter on July 4, 2015.
             Was a High Priest of Nemelex Xobeh.
             Mangled by a purple ugly thing (11 damage)
             ... on level 15 of the Dungeon.
             The game lasted 02:31:47 (21062 turns).

Jb9000 the Covert (Gargoyle Fighter)               Turns: 21062, Time: 02:31:47

Health: -6/86      AC: 25    Str: 29    XL:     14   Next: 17%
Magic:  23/23      EV: 13    Int: 12    God:    Nemelex Xobeh [*****.]
Gold:   230        SH:  0    Dex: 12    Spells: 6 memorised, 14 levels left

rFire  . . .     SeeInvis .     y - +8 halberd "Riufoonk" {chop, +Blink rElec rC+}
rCold  + + .     Rnd*Rage +     g - +4 ring mail
rNeg   + . .     SustAb   .     (no shield)
rPois  ∞         Gourm    .     Y - +2 helmet {Int+3}
rElec  +         Spirit   .     (no cloak)
rCorr  +         Warding  .     (no gloves)
rMut   .         Stasis   .     z - +0 pair of boots
MR     +....                    r - amulet of resist corrosion
Stlth  +++++.....               J - ring of the Moon {rC+ Stlth+}
                                A - +5 ring of strength

@: somewhat resistant to hostile enchantments, quite stealthy
A: able to fly continuously, big wings, talons 1, berserk 1, blurry vision 1,
low mp 1, mutation resistance 1, negative energy resistance 1, electricity
resistance, strong 1, unbreathing, petrification resistance, rot immunity, AC +9
a: Fly, Triple Draw, Deal Four, Stack Five, Renounce Religion, Evoke Blink


You were on level 15 of the Dungeon.
You worshipped Nemelex Xobeh.
Nemelex Xobeh was extremely pleased with you.
You were not hungry.

You visited 3 branches of the dungeon, and saw 17 of its levels.

You collected 1003 gold pieces.
You spent 773 gold pieces at shops.

Inventory:

Hand weapons
 a - a +3 arbalest of flaming
 y - the +8 halberd "Riufoonk" (weapon) {chop, +Blink rElec rC+}
   (You bought it in a shop on level 9 of the Dungeon)

   It inflicts extra damage upon your enemies.
   It protects you from cold.
   It insulates you from electricity.
   It lets you blink.
 T - the +2 mace "Isoats" {freeze, -Tele Dex+4}
   (You bought it in a shop on level 9 of the Dungeon)

   It has been specially enchanted to freeze those struck by it, causing extra
   injury to most foes and up to half again as much damage against particularly
   susceptible opponents.
   It can also slow down cold-blooded creatures.
   It affects your dexterity (+4).
   It prevents most forms of teleportation.
Missiles
 j - 50 bolts
 m - a throwing net (quivered)
 q - 18 bolts of penetration
 S - 4 bolts of flame
Armour
 c - a +1 shield
 g - a +4 ring mail (worn)
 z - a +0 pair of boots (worn)
 D - the +0 helmet of Orufuw {rF+}
   (You bought it in a shop on level 7 of the Dungeon)

   It protects you from fire.
 Y - a +2 helmet of intelligence (worn)
Magical staves
 Q - an uncursed staff of fire
Jewellery
 e - an uncursed ring of protection from cold
 r - an amulet of resist corrosion (around neck)
 A - a +5 ring of strength (left hand)
 H - a +1 ring of evasion
 I - an uncursed ring of wizardry
 J - the ring of the Moon (right hand) {rC+ Stlth+}
   (You found it on level 15 of the Dungeon)

   [ring of stealth]

   It protects you from cold.
   It makes you more stealthy.
 W - an uncursed ring of positive energy
 X - an uncursed ring of magical power
Magical devices
 b - a wand of magic darts (30)
 h - a wand of enslavement (17)
 F - a wand of fireball (2)
 K - a wand of disintegration (16)
 M - a wand of heal wounds (0)
 O - a wand of lightning (0)
Scrolls
 f - 3 scrolls of teleportation
 k - a scroll of fear
 p - 2 scrolls of amnesia
 u - a scroll of enchant armour
 v - a scroll of blinking
 w - 8 scrolls of identify
 B - 5 scrolls of remove curse
 N - a scroll of immolation
 V - a scroll of fog
Potions
 i - 2 potions of magic
 o - a potion of brilliance
 x - a potion of restore abilities
 G - a potion of might
 P - 2 potions of agility
Books
 C - the Disquisition on Good Luck
   (You found it on level 13 of the Dungeon)

   Spells                             Type                      Level
   a - Infusion                       Charms                       1
   b - Shroud of Golubria             Charms/Translocation         2
   c - Song of Slaying                Charms                       2
   d - Repel Missiles                 Charms/Air                   2
   e - Sure Blade                     Hexes/Charms                 2
 E - a book of Changes

   Spells                             Type                      Level
   a - Beastly Appendage              Transmutation                1
   b - Sticks to Snakes               Transmutation                2
   c - Spider Form                    Transmutation/Poison         3
   d - Ice Form                       Ice/Transmutation            4
   e - Blade Hands                    Transmutation                5
 Z - a book of Air

   Spells                             Type                      Level
   a - Shock                          Conjuration/Air              1
   b - Swiftness                      Charms/Air                   2
   c - Repel Missiles                 Charms/Air                   2
   d - Flight                         Charms/Air                   3
   e - Static Discharge               Conjuration/Air              3
   f - Lightning Bolt                 Conjuration/Air              5
Miscellaneous
 l - a plain deck of war {drawn: 1}
 s - a legendary deck of escape {drawn: 5}
 t - an ornate deck of escape
 L - a phial of floods (inert)
 U - a plain deck of destruction {drawn: 4}
Comestibles
 d - 10 bread rations


   Skills:
 + Level 9.5 Fighting
 + Level 7.2 Maces & Flails
 + Level 5.8 Polearms
 + Level 7.2 Crossbows
 + Level 9.8 Armour
 + Level 4.9 Dodging
 + Level 10.8 Stealth
 + Level 9.3 Shields
 + Level 5.2 Spellcasting
 + Level 2.6 Conjurations
 + Level 2.4 Charms
 + Level 2.5 Translocations
 + Level 5.0 Transmutations
 + Level 6.2 Evocations


You had 14 spell levels left.
You knew the following spells:

 Your Spells              Type           Power        Failure   Level  Hunger
a - Beastly Appendage     Trmt           ###...       3%          1    None
b - Sticks to Snakes      Trmt           ###.......   6%          2    ##.....
c - Infusion              Chrm           #.....       12%         1    None
d - Song of Slaying       Chrm           #.......     17%         2    ##.....
e - Shroud of Golubria    Chrm/Tloc      #.........   17%         2    ##.....
f - Shock                 Conj/Air       #...         17%         1    None


Dungeon Overview and Level Annotations

Branches:
Dungeon (15/15)            Temple (1/1) D:5            Lair (0/8) D:11
    Orc (0/4) D:12         Vaults (0/5) D:13         Depths (1/5) D:15

Altars:
Ashenzari
Cheibriados
Dithmenos
Elyvilon
Fedhas
Gozag
Kikubaaqudgha
Makhleb
Nemelex Xobeh
Okawaru
Qazlal
Ru
Sif Muna
Trog
Vehumet
Xom
Yredelemnul
Zin
The Shining One

Shops:
D:7 [=*   D:9 (   D:14 (   D:15 *

Portals:
Hell: Depths:1

Annotations:
D:15 Jb9000's ghost, powerful GrFi


Innate Abilities, Weirdness & Mutations

You are resistant to torment.
You are immune to poison.
You can fly continuously.
Your stone body is very resilient (AC +9).
Your wings are large and strong.
You resist negative energy.
You are resistant to electric shocks.
You can survive without breathing.
You are immune to petrification.
You are immune to rotting.
You have sharp toenails.
You tend to lose your temper in combat.
Scrolls take you a little longer to read.
Your magical capacity is low (-10% MP).
You are somewhat resistant to further mutation.
Your muscles are strong. (Str +2)


Message History

You closely miss the purple ugly thing.
The purple ugly thing closely misses you. x2
You slice the purple ugly thing!!
The purple ugly thing is severely wounded.
The purple ugly thing barely misses you.
The purple ugly thing pecks you!
* * * LOW HITPOINT WARNING * * *
You slice the purple ugly thing!!
You kill the purple ugly thing!
The purple ugly thing misses you.
The purple ugly thing closely misses you.
You slash the purple ugly thing!
The purple ugly thing is moderately wounded.
The purple ugly thing pecks you!
* * * LOW HITPOINT WARNING * * *
Evoke which item? (* to show all) (? for menu, Esc to quit)
You draw a card...
It is the Tomb.
Walls emerge from the floor!
The purple ugly thing pecks you!
You die...
Your body disappears without a glow.

####### ########
#.....#####..###.#
#.....'...#.†u@#.#
#.....#...#..###.#
#.....#...#......#
#.....#...+......#
#.....#...#=.....#
###.....#...#......#
#......##...#..(...#
#(.....#....'.....(#
'......'....#.((...#


You could see a purple ugly thing.

Vanquished Creatures
  4 vault guards
  A hydra (D:13)
  An alligator (D:13)
  3 centaur warriors
  4 tengu warriors
  3 hill giants
  An anubis guard (shapeshifter) (D:13)
  A lindwurm (D:13)
  A fire giant zombie (D:15)
  10 ugly things
  A griffon (D:12)
  4 manticores
  4 cyclopes
  Joseph (D:12)
  A gargoyle (D:10)
  2 kobold demonologists
  A komodo dragon (D:13)
  2 tengu conjurers
  2 yaktaurs (D:13)
  3 trolls
  Grinder (D:4)
  A two-headed ogre (D:12)
  7 slime creatures
  8 ravens
  A wyvern (D:13)
  4 yaks
  A wraith (D:10)
  3 vampires (D:15)
  2 deep elf magi
  A spriggan (D:7)
  5 hippogriffs
  A human (D:13)
  3 hungry ghosts
  A deep elf fighter (D:14)
  A raven zombie (D:13)
  A soldier ant (D:12)
  An eye of draining (D:14)
  3 black bears
  8 sky beasts
  4 ice beasts
  A water moccasin (D:6)
  6 orc warriors
  A phantom (D:8)
  2 necrophages
  A wasp (D:15)
  2 crocodiles
  9 centaurs
  7 ogres
  A boring beetle (shapeshifter) (D:14)
  Sigmund (D:7)
  4 big kobolds
  13 giant frogs
  5 scorpions
  8 wights
  3 goliath beetles
  5 crimson imps
  2 centaur zombies
  13 killer bees
  4 giant frog zombies
  2 quasits
  3 jellies
  7 hounds
  10 orc priests
  4 iguanas
  17 orc wizards
  9 worker ants
  5 sheep
  A mummy (D:10)
  A hound zombie (D:6)
  2 worker ant zombies
  5 gnolls
  12 adders
  4 shadow imps
  A river rat (D:11)
  2 worms
  An adder zombie (D:9)
  An adder skeleton (D:3)
  10 giant geckos
  3 oozes
  57 orcs
  2 bat skeletons
  7 giant cockroaches
  12 goblins
  8 hobgoblins
  12 jackals
  6 quokkas
  A ball python (D:3)
  16 bats
  7 giant newts
  26 kobolds
  26 rats
  3 ballistomycetes (D:7)
  2 fungi (D:11)
  2 plants (D:11)
482 creatures vanquished.

Vanquished Creatures (collateral kills)
  A fire giant (D:15)
  A vault guard (D:13)
  2 tengu warriors (D:13)
  An ugly thing (D:14)
  A hill giant (D:12)
  2 gargoyles
  A tengu conjurer (D:15)
  A raven (D:13)
  3 slime creatures (D:14)
  A hippogriff (D:13)
  6 yaks
  3 centaurs (D:15)
  A giant frog (D:13)
  A sheep (D:14)
25 creatures vanquished.

Vanquished Creatures (others)
  A water elemental (D:14)
  An air elemental (D:14)
  A dancing weapon (D:14)
  A hell hound (D:13)
  2 centaurs (D:13)
  A giant frog (D:7)
  A killer bee (D:7)
  A jelly (D:7)
  An orc (D:12)
  A giant spore (D:7)
  2 ballistomycetes (D:7)
  A butterfly (D:2)
  A fungus (D:11)
15 creatures vanquished.

Grand Total: 522 creatures vanquished

Notes
Turn   | Place    | Note
--------------------------------------------------------------
     0 | D:1      | Jb9000, the Gargoyle Fighter, began the quest for the Orb.
     0 | D:1      | Reached XP level 1. HP: 14/14 MP: 1/1
    55 | D:1      | Reached XP level 2. HP: 19/19 MP: 2/2
   496 | D:1      | Reached XP level 3. HP: 19/24 MP: 3/3
  1171 | D:2      | Reached skill level 1 in Stealth
  1622 | D:2      | Reached skill level 4 in Armour
  1622 | D:2      | Reached XP level 4. HP: 26/29 MP: 4/4
  1935 | D:3      | Reached XP level 5. HP: 29/33 MP: 5/5
  2573 | D:4      | Reached XP level 6. HP: 33/39 MP: 6/6
  2733 | D:4      | Noticed an ogre
  2752 | D:4      | Gained mutation: You are partially covered in yellow scales (AC +2). [potion of mutation]
  2752 | D:4      | Gained mutation: You are clumsy. (Dex -2) [potion of mutation]
  2752 | D:4      | Gained mutation: You expend magic power (3 MP) to slightly strengthen your wands. [potion of mutation]
  3191 | D:4      | Noticed Grinder
  3212 | D:4      | Killed Grinder
  3212 | D:4      | Reached skill level 5 in Shields
  3212 | D:4      | Reached XP level 7. HP: 26/44 MP: 7/7
  3331 | D:4      | Killed an ogre
  3612 | D:5      | Entered Level 5 of the Dungeon
  3661 | D:5      | Reached skill level 5 in Fighting
  3661 | D:5      | Reached skill level 5 in Armour
  3661 | D:5      | Reached skill level 5 in Stealth
  3686 | D:5      | Gained mutation: You heal slowly when monsters are visible. [mutagenic meat]
  4000 | D:5      | Found a sparkling altar of Nemelex Xobeh.
  4053 | D:5      | Became a worshipper of Nemelex Xobeh the Trickster
  4140 | D:5      | Received a gift from Nemelex Xobeh
  4188 | D:5      | Reached XP level 8. HP: 41/49 MP: 8/8
  4262 | D:5      | Found a staircase to the Ecumenical Temple.
  4267 | Temple   | Entered the Ecumenical Temple
  4552 | D:5      | Reached skill level 1 in Polearms
  4986 | D:6      | Reached skill level 6 in Stealth
  5477 | D:6      | Reached skill level 7 in Stealth
  5662 | D:6      | Gained mutation: Your body is slowly deteriorating. [mutagenic meat]
  6002 | D:6      | Reached XP level 9. HP: 55/55 MP: 9/9
  6218 | D:6      | Found a shimmering altar of Xom.
  6782 | D:7      | Reached skill level 8 in Stealth
  6864 | D:7      | Found Anwaghen's Antique Armour Shop.
  6875 | D:7      | Bought a faintly humming helmet for 218 gold pieces
  6883 | D:7      | Identified the +0 helmet of Orufuw {rF+} (You bought it in a shop on level 7 of the Dungeon)
  7025 | D:7      | Found Ciysm's Jewellery Emporium.
  7029 | D:7      | Bought a +1 ring of evasion for 45 gold pieces
  7100 | D:7      | Found a stormy altar of Qazlal.
  7106 | D:7      | Received a gift from Nemelex Xobeh
  7112 | D:7      | Found Cavury's Assorted Antiques.
  7440 | D:7      | Learned a level 1 spell: Beastly Appendage
  7647 | D:7      | Noticed Sigmund
  7652 | D:7      | Killed Sigmund
  8217 | D:8      | Reached skill level 1 in Evocations
  8218 | D:8      | Reached skill level 1 in Transmutations
  8258 | D:8      | Reached skill level 1 in Spellcasting
  8258 | D:8      | Reached XP level 10. HP: 56/61 MP: 11/13
  8293 | D:8      | Reached skill level 1 in Dodging
  8441 | D:8      | Reached skill level 5 in Polearms
  8720 | D:9      | Received a gift from Nemelex Xobeh
  9001 | D:9      | Found a bloodstained altar of Trog.
  9047 | D:9      | Received a gift from Nemelex Xobeh
  9064 | D:9      | Acquired Nemelex Xobeh's first power
  9075 | D:9      | Found Proxan's Antique Weapon Boutique.
  9084 | D:9      | Bought an ichor-stained mace for 240 gold pieces
  9084 | D:9      | Identified the +2 mace "Isoats" {freeze, -Tele Dex+4} (You bought it in a shop on level 9 of the Dungeon)
  9509 | D:10     | Entered Level 10 of the Dungeon
  9910 | D:10     | Identified a scroll of acquirement
 10274 | D:10     | Lost mutation: Your body is slowly deteriorating. [potion of cure mutation]
 10274 | D:10     | Lost mutation: You heal slowly when monsters are visible. [potion of cure mutation]
 10274 | D:10     | Lost mutation: You are clumsy. (Dex -2) [potion of cure mutation]
 10274 | D:10     | Lost mutation: You expend magic power (3 MP) to slightly strengthen your wands. [potion of cure mutation]
 10274 | D:10     | Lost mutation: You are partially covered in yellow scales (AC +2). [potion of cure mutation]
 10375 | D:10     | Reached skill level 9 in Stealth
 10716 | D:10     | Reached skill level 1 in Crossbows
 10776 | D:9      | Gained mutation: Scrolls take you a little longer to read. [mutagenic meat]
 10777 | D:9      | Gained mutation: You tend to lose your temper in combat. [mutagenic meat]
 10778 | D:9      | Gained mutation: You have sharp toenails. [mutagenic meat]
 10967 | D:11     | Found a staircase to the Lair.
 11028 | D:11     | Noticed a manticore
 11043 | D:11     | Killed a manticore
 11043 | D:11     | Reached XP level 11. HP: 31/67 MP: 18/18
 11278 | D:11     | Noticed a hill giant
 11287 | D:11     | Killed a hill giant
 11718 | D:11     | Received a gift from Nemelex Xobeh
 12081 | D:12     | Noticed Joseph
 12103 | D:12     | Killed Joseph
 12272 | D:12     | Reached skill level 5 in Maces & Flails
 12499 | D:12     | Noticed a hill giant
 12523 | D:12     | Killed a hill giant
 12646 | D:12     | Received a gift from Nemelex Xobeh
 12748 | D:12     | Found a staircase to the Orcish Mines.
 12765 | D:12     | Acquired Nemelex Xobeh's second power
 12991 | D:12     | Noticed a hill giant
 13021 | D:12     | Killed a hill giant
 13351 | D:9      | Bought an iridescent halberd for 270 gold pieces
 13351 | D:9      | Identified the +8 halberd "Riufoonk" {chop, +Blink rElec rC+} (You bought it in a shop on level 9 of the Dungeon)
 13723 | D:13     | Noticed a tengu warrior
 13724 | D:13     | Noticed a tengu warrior
 13730 | D:13     | Killed a tengu warrior
 13730 | D:13     | Reached XP level 12. HP: 63/73 MP: 21/21
 13744 | D:13     | Killed a tengu warrior
 14141 | D:13     | Reached skill level 5 in Crossbows
 14200 | D:13     | Noticed an alligator
 14200 | D:13     | a large slime creature changed into an alligator
 14206 | D:13     | Killed an alligator
 14415 | D:13     | Reached skill level 10 in Stealth
 14420 | D:13     | Reached skill level 5 in Evocations
 14570 | D:13     | Received a gift from Nemelex Xobeh
 14585 | D:13     | Learned a level 2 spell: Sticks to Snakes
 14589 | D:13     | Identified the Disquisition on Good Luck (You found it on level 13 of the Dungeon)
 14593 | D:13     | Learned a level 1 spell: Infusion
 14596 | D:13     | Learned a level 2 spell: Song of Slaying
 14642 | D:13     | Noticed a vault guard
 15020 | D:13     | Noticed a vault guard
 15305 | D:13     | Noticed a tengu warrior
 15312 | D:13     | Noticed a tengu warrior
 15312 | D:13     | Killed a tengu warrior
 15323 | D:13     | Killed a tengu warrior
 15375 | D:13     | Noticed an ogre mage
 15375 | D:13     | Noticed a vault guard
 15411 | D:13     | Killed a vault guard
 15600 | D:13     | Killed a vault guard
 15691 | D:13     | Found a gate to the Vaults.
 15691 | D:13     | Noticed a vault guard
 15691 | D:13     | Noticed a vault guard
 15703 | D:13     | Killed a vault guard
 15703 | D:13     | Reached XP level 13. HP: 64/80 MP: 24/24
 15726 | D:13     | Killed a vault guard
 16109 | D:13     | Learned a level 2 spell: Shroud of Golubria
 16125 | D:13     | Learned a level 1 spell: Shock
 16498 | D:14     | Received a gift from Nemelex Xobeh
 16814 | D:14     | Reached skill level 1 in Conjurations
 16814 | D:14     | Reached skill level 1 in Translocations
 16837 | D:13     | Gained mutation: Your muscles are strong. (Str +2) [mutagenic meat]
 16838 | D:13     | Gained mutation: Your magical capacity is low (-10% MP). [mutagenic meat]
 16839 | D:13     | Gained mutation: You are somewhat resistant to further mutation. [mutagenic meat]
 17484 | D:14     | Acquired Nemelex Xobeh's third power
 17515 | D:14     | Reached skill level 1 in Charms
 17882 | D:14     | Killed a vault guard
 18178 | D:14     | HP: 4/80 [centaur warrior/arrow of flame (3)]
 18577 | D:14     | Found Telokhli's Weapon Emporium.
 18685 | D:14     | Received a gift from Nemelex Xobeh
 18785 | D:15     | Entered Level 15 of the Dungeon
 19369 | D:15     | Reached skill level 5 in Spellcasting
 19506 | D:15     | Got a warped tin ring
 19508 | D:15     | Identified the ring of the Moon {rC+ Stlth+} (You found it on level 15 of the Dungeon)
 19562 | D:15     | Received a gift from Nemelex Xobeh
 19676 | D:15     | Found a staircase to the Depths.
 19676 | D:15     | Noticed a fire giant
 19852 | D:15     | Killed a fire giant
 19852 | D:15     | Gained mutation: Your wings are large and strong. [gargoyle growth]
 19852 | D:15     | Reached XP level 14. HP: 22/86 MP: 23/23
 20172 | Depths:1 | Entered Level 1 of the Depths
 20183 | Depths:1 | Found a gateway to Hell.
 20184 | Depths:1 | Noticed a lich
 20489 | D:15     | Found Bamapn's Blood Bar.
 20526 | D:15     | Reached skill level 5 in Transmutations
 20918 | D:15     | Noticed Jb9000's ghost (powerful GrFi)
 21062 | D:15     | Mangled by a purple ugly thing

Action                   |  1- 3 |  4- 6 |  7- 9 | 10-12 | 13-15 || total
-------------------------+-------+-------+-------+-------+-------++-------
Melee: Flail             |   137 |   273 |    89 |    41 |       ||   540
       Trident           |       |       |   574 |   141 |       ||   715
       Mace              |       |       |       |   235 |       ||   235
       Halberd           |       |       |       |   129 |   255 ||   384
 Fire: Arbalest          |       |       |       |   219 |   109 ||   328
Throw: Throwing net      |       |     1 |       |       |       ||     1
       Tomahawk          |       |       |       |     3 |       ||     3
 Cast: Infusion          |       |       |       |       |     2 ||     2
       Shroud of Golubri |       |       |       |       |     1 ||     1
Invok: Triple Draw       |       |       |       |       |     3 ||     3
 Abil: Evoke Blink       |       |       |       |     2 |     4 ||     6
Evoke: Deck              |       |       |       |    42 |    33 ||    75
       Wand              |       |       |       |    10 |    14 ||    24
       Phial of floods   |       |       |       |     1 |     2 ||     3
  Use: Scroll            |     6 |     5 |     7 |    15 |     3 ||    36
       Potion            |       |     8 |     8 |     3 |     6 ||    25
 Stab: Sleeping          |       |       |    15 |     7 |       ||    22
       Distracted        |       |       |     1 |       |     1 ||     2
       Fleeing           |       |       |     1 |       |       ||     1
  Eat: Chunk             |     2 |     1 |    14 |    10 |     9 ||    36
       Fruit             |       |     3 |     5 |     3 |       ||    11
       Pizza             |       |     1 |       |       |       ||     1
       Meat ration       |       |     1 |       |     2 |     3 ||     6
       Beef jerky        |       |       |     2 |     1 |       ||     3
       Royal jelly       |       |       |       |     1 |       ||     1
       Bread ration      |       |       |       |       |     1 ||     1
